 Dungeon Crawl Stone Soup version 0.27-a0-1555-g0e7b3fb (webtiles) character file.

Game seed: 14375094138339685255

2 Meow the Chiller (level 1, 15/15 HPs)
             Began as a Naga Ice Elementalist on July 11, 2021.
             Quit the game on level 1 of the Dungeon on July 14, 2021.
             The game lasted 00:01:00 (138 turns).

Meow the Chiller (Naga Ice Elementalist)             Turns: 138, Time: 00:01:01

Health: 15/15      AC:  1    Str: 10    XL:     1   Next: 30%
Magic:  3/3        EV:  9    Int: 15    God:
Gold:   13         SH:  0    Dex: 11    Spells: 3/4 levels left

rFire    . . .     SeeInvis +   (no weapon)
rCold    . . .     Faith    .   (no shield)
rNeg     . . .     Spirit   .   a - +0 robe
rPois    +         Reflect  .   (no helmet)
rElec    .         Harm     .   (no cloak)
rCorr    .         Rampage  .   (no gloves)
Will     .....                  (no barding)
Stlth    ++........             (no amulet)
HPRegen  0.05/turn              (no ring)
MPRegen  0.08/turn              (no ring)

@: very slow
A: AC +0, large, see invisible, deformed body, poison resistance, slowness 2,
spit poison 1, naga tail 1
a: Spit Poison


You were on level 1 of the Dungeon.
You visited 1 branch of the dungeon, and saw 1 of its levels.

You collected 13 gold pieces.

Inventory:

Armour
 a - a +0 robe (worn)
Scrolls
 b - 2 scrolls of immolation {unknown}


   Skills:
 - Level 1.5 Dodging
 - Level 3.0 Stealth
 + Level 2.0 Spellcasting
 + Level 4.0 Ice Magic


You had 3 spell levels left.
You knew the following spells:

 Your Spells              Type           Power      Damage    Failure   Level
a - Freeze                Ice            52%        1d7       4%          1

Your spell library contained the following spells:

 Spells                   Type           Power      Damage    Failure   Level
 Frozen Ramparts          Ice            26%        1d4       13%         3
 Ozocubu's Armour         Ice            13%        N/A       13%         3
 Hailstorm                Conj/Ice       7%         3d4       67%         4


Dungeon Overview and Level Annotations

Branches:
Dungeon (1/15)

Altars:


Innate Abilities, Weirdness & Mutations

Your serpentine skin is tough. (AC +0)
You have supernaturally acute eyesight. (SInv)
Armour fits poorly on your strangely shaped body.
Your system is resistant to poisons. (rPois)
You cover ground very slowly.
You can spit poison.
You have a snake-like lower body.


Message History

A quokka comes into view.
Press: ? - help, Shift-Dir - straight line, f - you Really target yourself?
Okay, then.
Press: ? - help, Shift-Dir - straight line, f - quokka
Aim: a quokka The splash of poison misses the quokka.
Unknown command.
You have got your breath back.
Press: ? - help, Shift-Dir - straight line, f/p - quokka
Aim: a quokka The splash of poison misses the quokka.
Unknown command.
Casting: Freeze (safe; 4% risk of failure)
Confirm with . or Enter, or press ? or * to list all spells.
Aiming: Freeze (safe; 4% risk of failure)
Press: ? - help, Shift-Dir - straight line, f/p - quokka
Aim: a quokka You freeze the quokka.
You kill the quokka!
Unknown command.
You start resting.
You have got your breath back.
You start resting.
Magic restored.
Welcome back, Meow the Naga Ice Elementalist.
Press ? for a list of commands and other information.
You see here a quokka corpse.
You open the door.
Found a scroll labelled GIDOMI YLACUZY.
There is an open door here.
b - 2 scrolls labelled GIDOMI YLACUZY (gained 1)
Found a chain mail.
You open the door.
Found a scroll labelled SEUKOAROHA.
There is an open door here.
You now have 13 gold pieces.
A giant cockroach comes into view.
You see here a scroll labelled SEUKOAROHA.
Are you sure you want to abandon this character and quit the game? (Confirm with "yes".)

B.... ..... # ...#
#.####..# .#
.......#####.##
...............
#........#
#...@....#
#........##
.########........#
.......##........#
#...............#
#......##'########
#......##........#
#......'....####.#
###
##......#########.#
#.#


You could see a giant cockroach (asleep).

Vanquished Creatures
  A quokka (D:1)
  A frilled lizard (D:1)
2 creatures vanquished.

Notes
Turn   | Place    | Note
-------+----------+-------------------------------------------
     0 | D:1      | Meow the Naga Ice Elementalist began the quest for the Orb.
     0 | D:1      | Reached XP level 1. HP: 15/15 MP: 3/3
    78 | D:1      | Upgraded the game from 0.27-a0-1529-g1e82c30 to
                  | 0.27-a0-1555-g0e7b3fb
   138 | D:1      | Quit the game

Illustrated notes

Levels and vault maps discovered:
D:1:      saegor_arrival_simple_b, layout_basic, serial_glass, glass_columns_a,
          glass_columns_a, minmay_strange_pillars, feat_on_display,
          item_on_display_a

Action                   || total
-------------------------++-------
 Cast: Freeze            ||     1
 Abil: Spit Poison       ||     3

Table legend: (Time is in decaauts)
 A = Elapsed time spent in this place.
 B = Non-inter-level travel time spent in this place.
 C = Inter-level travel time spent in this place.
 D = Time resting spent in this place.
 E = Time spent auto-exploring this place.
 F = Levels seen in this place.
 G = Mean time per level.
                   A        B        C        D        E       F      G
               +--------+--------+--------+--------+--------+-----+--------+
         Total |    181 |    181 |      0 |     16 |    149 |   1 |  181.0 |
       Dungeon |    181 |    181 |      0 |     16 |    149 |   1 |  181.0 |
               +--------+--------+--------+--------+--------+-----+--------+

Top non-repeatable levels by time:
     D:1: 181 daAuts
